 Dungeon Crawl Stone Soup version 0.27.1-35-g4d5d836560 (webtiles) character file.

Game seed: 3514738582592880664

3637 mcwallace the Skirmisher (level 9, -3/72 HPs)
             Began as a Demonspawn Fighter on Feb 19, 2022.
             Was an Initiate of Gozag.
             Slain by a two-headed ogre (28 damage)
             ... on level 9 of the Dungeon.
             The game lasted 00:21:19 (12680 turns).

mcwallace the Skirmisher (Demonspawn Fighter)      Turns: 12680, Time: 00:21:19

Health: -3/72      AC: 14    Str: 16    XL:     9   Next: 87%
Magic:  12/12      EV: 13    Int: 14    God:    Gozag
Gold:   1008       SH: 14    Dex: 12    Spells: 12/12 levels left

rFire    . . .     SeeInvis .   j - +2 trident (venom) {polearm}
rCold    + . .     Faith    .   c - +0 kite shield
rNeg     . . .     Spirit   .   M - +2 ring mail {Will+}
rPois    .         Reflect  .   P - +0 helmet
rElec    .         Harm     .   m - +0 cloak
rCorr    .         Rampage  .   (no gloves)
Will     +....                  b - +2 pair of boots
Stlth    +.........             (no amulet)
HPRegen  0.22/turn              v - ring of protection from cold
MPRegen  0.13/turn              (no ring)

@: no status effects
A: talons 2, repulsion field 2, condensation shield
a: Renounce Religion, Potion Petition, Call Merchant, Bribe Branch


You were on level 9 of the Dungeon.
You worshipped Gozag.
Gozag was most pleased with you.
You visited 2 branches of the dungeon, and saw 10 of its levels.
You also visited: Sewer.

You collected 1109 gold pieces.
You paid 101 gold pieces to Gozag.


Innate Abilities, Weirdness & Mutations

You have razor-sharp toenails.
You are surrounded by a moderate repulsion field. (EV +3)
A meltable shield of frost defends you. (SH +4)


   Skills:
 + Level 7.3 Fighting
 - Level 5.9 Axes
 + Level 6.6 Armour
 + Level 3.3 Dodging
 + Level 6.6 Shields
 + Level 2.2 Spellcasting
 + Level 2.4 Conjurations


You had 12 spell levels left.
You didn't know any spells.
Your spell library contained the following spells:

 Spells                   Type           Power      Damage    Failure   Level
 Sublimation of Blood     Necr           0%         N/A       88%         2
 Gell's Gravitas          Tloc           0%         N/A       98%         3
 Lesser Beckoning         Tloc           0%         N/A       98%         3
 Teleport Other           Tloc           1%         N/A       98%         3
 Petrify                  Tmut/Erth      1%         N/A       100%        4
 Irradiate                Conj/Tmut      2%         3d14      100%        5
 Dispersal                Tloc           0%         N/A       100%        6

Inventory:

Hand Weapons
 g - a +2 quarterstaff of draining {staff}
   (You found it on level 1 of the Dungeon)
 j - a +2 trident of venom (weapon) {polearm}
   (You found it on level 7 of the Dungeon)
 r - a +1 dagger of flaming {short}
   (You took it off an orc on level 3 of the Dungeon)
 s - a +1 trident of flaming {polearm}
   (You found it on level 3 of the Dungeon)
 C - a +0 vorpal mace {mace}
   (You took it off an orc on level 6 of the Dungeon)
 K - a +1 dagger of venom {short}
   (You took it off a goblin on level 4 of the Dungeon)
 Q - a +5 hand axe {axe}
   (You took it off a wight on level 7 of the Dungeon)
Missiles
 f - 158 stones {throwing}
 k - 18 boomerangs {throwing}
 l - 172 arrows
 n - 2 throwing nets {=f!fthrowing}
 p - 17 bolts
 q - 16 sling bullets
 y - 26 poisoned darts {throwing}
 O - a curare-tipped dart {=fthrowing}
Armour
 a - a +0 cloak of stealth
   (You took it off Maurice on level 8 of the Dungeon)
 b - a +2 pair of boots (worn)
   (You found it on level 6 of the Dungeon)
 c - a +0 kite shield (worn)
 m - a +0 cloak (worn)
   (You found it on level 2 of the Dungeon)
 M - a +2 ring mail of willpower (worn)
   (You found it on level 4 of the Dungeon)
 P - a +0 helmet (worn)
   (You found it on level 7 of the Dungeon)
Magical Staves
 x - a staff of conjuration {!a@e2staff}
   (You found it on level 5 of the Dungeon)
 N - a staff of cold {!astaff}
   (You found it on level 7 of the Dungeon)
Jewellery
 v - a ring of protection from cold (left hand)
   (You found it on level 4 of the Dungeon)
Wands
 e - a wand of paralysis (12) (quivered)
   (You found it on level 4 of the Dungeon)
 w - a wand of iceblast (7)
   (You found it on level 5 of the Dungeon)
Scrolls
 d - 2 scrolls of enchant armour
 h - 4 scrolls of noise {!r}
 A - a scroll of enchant weapon {unknown}
 D - a scroll of immolation {unknown}
 F - 3 scrolls of amnesia
 G - 2 scrolls of teleportation {unknown}
 I - 2 scrolls of fog
 J - a scroll of fear {unknown}
 L - 2 scrolls of magic mapping {!r}
Potions
 i - a potion of invisibility {unknown}
 o - a potion of flight {unknown}
 t - 3 potions of haste {@q3}
 u - 2 potions of curing {unknown}
 z - a potion of magic {unknown}
 B - 2 potions of cancellation {unknown}
 E - 2 potions of resistance
 H - a potion of lignification {unknown}
 R - a potion of heal wounds {@q2}

Dungeon Overview and Level Annotations

Branches:
Dungeon (9/15)             Temple (1/1) D:7           Sewer (visited)
   Lair: D:8-11         Orc: D:9-12

Altars:
Cheibriados
Dithmenos
Elyvilon
Fedhas
Gozag
Hepliaklqana
Kikubaaqudgha
Makhleb
Nemelex Xobeh
Okawaru
Ru
Sif Muna
Trog
Uskayaw
Vehumet
Wu Jian
Xom
Yredelemnul
Zin
The Shining One
Jiyva

Annotations:
D:3 1 runed translucent door, Selrock's ghost, weakling KoEn
D:4 2 transporters, cbfl8's ghost, novice MiDe
D:8 2 transporters

.......#
...gg.#
#..g..#
#g.g..#
#.....#
#.....#
#.....#
#..@..#
#..O..#
+####.....#
..........#
..........#
...........#
+...........#
#...........#
#..(......!.#


You could see a two-headed ogre (very poisoned) and 5 gnolls.


Message History

The gnoll hits you but does no damage. You block the gnoll shaman's attack.
You closely miss the gnoll shaman.
The gnoll shaman hits you but does no damage.
The gnoll misses you. 😕 HP[+1]
You closely miss the gnoll shaman. You block the gnoll's attack.
The gnoll shaman prays to its god.
The gnoll shaman is healed somewhat.
The gnoll shaman hits you but does no damage.
You block the gnoll's attack.
You hit the gnoll shaman but do no damage.
The gnoll shaman looks as sick as possible!
You block the gnoll's attack.
The gnoll shaman hits you with a +0 club. 😕 HP[-4]
You take 4 damage, and now have 65/72 hp.
You puncture the gnoll shaman!
You kill the gnoll shaman!
The gnoll barely misses you. 😕 HP[+1]
Items here: $ )) [.
You closely miss the gnoll. The gnoll misses you.
You puncture the gnoll!
The gnoll is poisoned.
You block the gnoll's attack. 😕 HP[+1]
You barely miss the gnoll. The gnoll barely misses you.
You block the gnoll's attack.
You hit the gnoll.
You kill the gnoll!
You now have 1008 gold pieces (gained 12).
Items here: ))) [. 😕 HP[+1]
There is a stone staircase leading down here.
Items here: ))) [.
There is a stone staircase leading down here.
You start resting. 😎 HP[+4]
Your hp is fully restored (72).
You climb downwards.
The gnoll hits you from afar with a +0 halberd.
You block the gnoll's attack.
There is a stone staircase leading up here. 😕 HP[-1]
You take 1 damage, and now have 71/72 hp.
The gnoll closely misses you.
You hit the gnoll. You block the gnoll's attack. 😎 HP[+1]
Your hp is fully restored (72).
You barely miss the gnoll. The gnoll closely misses you.
You puncture the gnoll!
You kill the gnoll!
A two-headed ogre comes into view.
It is wielding two +0 giant spiked clubs.
Things that are here:
6 gold pieces; a +0 halberd {polearm} You completely miss the two-headed ogre.
You block the two-headed ogre's attack. x2
You puncture the two-headed ogre!
The two-headed ogre is poisoned.
You block the two-headed ogre's attack.
The two-headed ogre hits you with a +0 giant spiked club!! 😮 HP[-18]
You take 18 damage, and now have 54/72 hp.
MASSIVE DAMAGE!! (PAUSE)
You hit the two-headed ogre.
The two-headed ogre looks even sicker.
The two-headed ogre hits you with a +0 giant spiked club.
You block the two-headed ogre's attack. 😮 HP[-1]
You take 1 damage, and now have 53/72 hp.
You hit the two-headed ogre.
The two-headed ogre looks as sick as possible!
The two-headed ogre hits you with a +0 giant spiked club.
The two-headed ogre closely misses you. 😮 HP[-3]
You take 3 damage, and now have 50/72 hp.
You hit the two-headed ogre.
The two-headed ogre looks as sick as possible!
The two-headed ogre barely misses you.
The two-headed ogre hits you with a +0 giant spiked club!!
* * * LOW HITPOINT WARNING * * *
😨 HP[-23]
You take 23 damage, and now have 27/72 hp.
MASSIVE DAMAGE!! (PAUSE)
You hit the two-headed ogre.
The two-headed ogre looks as sick as possible!
The two-headed ogre closely misses you.
The two-headed ogre hits you with a +0 giant spiked club.
* * * LOW HITPOINT WARNING * * *
😨 HP[-5]
You take 5 damage, and now have 22/72 hp. 😨 HP[+1] 😨 HP[+1] 2 gnolls come into view.
The gnoll shouts!
You hear a shout!
A gnoll comes into view.
It is wielding a +0 whip. 😨 HP[+1] 2 gnolls come into view.
The gnoll shouts!
You hear a shout!
Unknown command.
You closely miss the two-headed ogre.
The two-headed ogre hits you with a +0 giant spiked club!!
You die...
Your body crumbles into a pile of gold.

Skill      XL: |  1  2  3  4  5  6  7  8  9 |
---------------+----------------------------+-----
Axes           | 2 3 4 5 |  5.9
Armour         | 3 4 5 6 |  6.6
Shields        | 3 4 5 6 |  6.6
Fighting       | 4 5 6 7 |  7.3
Dodging        | 1 3 |  3.3
Spellcasting   | 2 |  2.2
Conjurations   | 2 |  2.4

Action                   |  1- 3 |  4- 6 |  7- 9 || total
-------------------------+-------+-------+-------++-------
Melee: War axe           |    88 |   117 |   361 ||   566
       Kick              |    25 |    27 |    80 ||   132
       Trident           |       |       |   122 ||   122
Throw: Boomerang         |       |       |    13 ||    13
Evoke: Wand              |       |       |    11 ||    11
  Use: Potion            |     1 |       |     4 ||     5
       Scroll            |       |       |     9 ||     9
 Stab: Paralysed         |       |       |    13 ||    13
Armor: Scale mail        |    45 |    52 |    75 ||   172
       Ring mail         |       |       |    83 ||    83
Dodge: Dodged            |    18 |    61 |   188 ||   267
Block: Kite shield       |    44 |    81 |   236 ||   361

Levels and vault maps discovered:
D:1:      dpeg_arrival_lava_temple_mockup, layout_rooms, minmay_strange_pillars,
          corexii_corridor_pit
D:2:      layout_loops_ring
D:3:      layout_basic, tso_altar, mainiacjoe_overflow_six_doors_small,
          hellmonk_ghost_happy_afterlife, minmay_goblin_outpost, uniq_jessica
D:4:      layout_basic, marbit_many_paths, xom_redecorated,
          nzn_hepliaklqana_mist_gate, mainiacjoe_overflow_boulevard,
          mainiacjoe_overflow_tiny_flanked, gammafunk_ghost_smash,
          hangedman_decor_slide_cut
D:5:      layout_layer_cave, kennysheep_mini_moat, mainiacjoe_overflow_catwalk,
          fiery_altar_vehumet, cheibrodos_sewer_entry_bend
D:6:      layout_basic, lemuel_doored_altar, hangedman_decor_diamond_cutter,
          guppyfry_early_elven_hall, uniq_prince_ribbit1
D:7:      layout_rooms, minmay_temple_entry_slanted
D:8:      gammafunk_jiyva_shrine, layout_basic, uniq_maurice
D:9:      layout_gridville, nicolae_overflow_hidden_temple, old_standard_altar
Temple:   compressed_dpeg_triangle_lava_temple

Notes
Turn   | Place    | Note
-------+----------+-------------------------------------------
     0 | D:1      | mcwallace the Demonspawn Fighter began the quest for the
                  | Orb.
     0 | D:1      | Reached XP level 1. HP: 18/18 MP: 1/1
     0 | D:1      | magus.rc [v1.9.6]
   176 | D:1      | Reached skill level 2 in Axes
   176 | D:1      | Gained mutation: You have sharp toenails. [demonic
                  | ancestry]
   176 | D:1      | Reached XP level 2. HP: 24/24 MP: 2/2
   864 | D:2      | Reached skill level 3 in Armour
   864 | D:2      | Reached skill level 3 in Shields
   878 | D:2      | Gained mutation: You are surrounded by a mild repulsion
                  | field. (EV +2) [demonic ancestry]
   878 | D:2      | Reached XP level 3. HP: 14/29 MP: 3/3
  1795 | D:3      | Reached XP level 4. HP: 15/35 MP: 4/4
  2033 | D:3      | Noticed Jessica
  2051 | D:3      | HP: 2/37 [Jessica/nerve-wracking pain (8)]
  2052 | D:3      | Killed Jessica
  2355 | D:3      | Found a runed translucent door.
  2355 | D:3      | Noticed Selrock's ghost (weakling KoEn)
  2375 | D:3      | Gained mutation: You are surrounded by a moderate repulsion
                  | field. (EV +3) [demonic ancestry]
  2375 | D:3      | Reached XP level 5. HP: 25/42 MP: 5/5
  2534 | D:3      | Reached skill level 4 in Fighting
  2534 | D:3      | Reached skill level 3 in Axes
  2567 | D:3      | Found a sparkling altar of Nemelex Xobeh.
  3591 | D:4      | Found a shimmering altar of Xom.
  3595 | D:4      | Found a shimmering altar of Xom.
  3599 | D:4      | Found a shimmering altar of Xom.
  3599 | D:4      | Found a shimmering altar of Xom.
  3600 | D:4      | Found a shimmering altar of Xom.
  3620 | D:4      | Found a sacrificial altar of Ru.
  3670 | D:4      | You fall into a shaft and drop 3 floors!
  3670 | D:7      | Noticed an ice beast
  3686 | D:7      | Reached XP level 6. HP: 25/48 MP: 6/6
  3695 | D:7      | HP: 12/48 [ice beast (4)]
  3700 | D:7      | Killed an ice beast
  3701 | D:7      | Reached skill level 4 in Armour
  3701 | D:7      | Reached skill level 4 in Shields
  3962 | D:7      | Noticed a sky beast
  3977 | D:7      | Killed a sky beast
  4132 | D:7      | Found a staircase to the Ecumenical Temple.
  4143 | Temple   | Entered the Ecumenical Temple
  4531 | D:7      | Noticed a shadow
  4579 | D:5      | Entered Level 5 of the Dungeon
  4629 | D:5      | Reached XP level 7. HP: 42/55 MP: 7/7
  4694 | D:5      | Found a radiant altar of Vehumet.
  4901 | D:5      | Reached skill level 5 in Fighting
  4901 | D:5      | Reached skill level 4 in Axes
  4936 | D:5      | Found an opulent altar of Gozag.
  4940 | D:5      | Became a worshipper of Gozag Ym Sagoz the Greedy
  4984 | D:5      | Found a glowing drain.
  5016 | Sewer    | Entered a sewer
  6291 | D:4      | Reached skill level 5 in Armour
  6291 | D:4      | Reached skill level 5 in Shields
  6291 | D:4      | Gained mutation: You have razor-sharp toenails. [demonic
                  | ancestry]
  6291 | D:4      | Reached XP level 8. HP: 63/63 MP: 8/8
  6574 | D:4      | Found a shimmering blue altar of Sif Muna.
  6689 | D:4      | Found a transporter.
  6690 | D:4      | Noticed cbfl8's ghost (novice MiDe)
  6695 | D:4      | Found a transporter.
  6867 | D:4      | Found a snail-covered altar of Cheibriados.
  7003 | D:4      | Found a hazy altar of Hepliaklqana.
  7903 | D:5      | Reached skill level 5 in Axes
  8644 | D:6      | Noticed Prince Ribbit
  8665 | D:5      | HP: 14/64 [wraith (10)]
  8670 | D:5      | Reached skill level 6 in Fighting
  8918 | D:5      | HP: 16/64 [orc warrior (16)]
  9161 | D:5      | Killed Prince Ribbit
  9162 | D:5      | Reached skill level 1 in Dodging
  9582 | D:6      | Found an ancient bone altar of Kikubaaqudgha.
  9778 | D:6      | Gained mutation: A meltable shield of frost defends you.
                  | (SH +4) [demonic ancestry]
  9778 | D:6      | Reached XP level 9. HP: 71/71 MP: 9/9
  9804 | D:6      | Noticed a deep elf zephyrmancer
  9870 | D:6      | You pick up a book of Alchemy and begin reading...
  9870 | D:6      | You add the spells Sublimation of Blood, Petrify and
                  | Irradiate to your library.
  9888 | D:6      | Killed a deep elf zephyrmancer
  9889 | D:6      | Reached skill level 6 in Armour
  9889 | D:6      | Reached skill level 2 in Dodging
  9889 | D:6      | Reached skill level 6 in Shields
 10310 | D:6      | You add the spells Gell's Gravitas, Teleport Other and
                  | Dispersal to your library.
 10834 | D:7      | Reached skill level 1 in Spellcasting
 10834 | D:7      | Reached skill level 1 in Conjurations
 10937 | D:8      | Reached skill level 7 in Fighting
 11036 | D:8      | Found a viscous altar of Jiyva.
 11389 | D:8      | Reached skill level 3 in Dodging
 11537 | D:8      | Noticed Maurice
 11573 | D:8      | Killed Maurice
 11574 | D:8      | Reached skill level 2 in Spellcasting
 11574 | D:8      | Reached skill level 2 in Conjurations
 11689 | D:8      | Found a transporter.
 11690 | D:8      | Found a transporter.
 11695 | D:8      | Noticed a great orb of eyes
 12435 | D:8      | You pick up a book of Displacement and begin reading...
 12656 | D:9      | Noticed a two-headed ogre
 12680 | D:9      | Slain by a two-headed ogre

Vanquished Creatures
  A deep elf zephyrmancer (D:6)
  Maurice (D:8)
  Prince Ribbit (D:5)
  A shadow (D:7)
  A wraith (D:5)
  A water moccasin (D:7)
  An ice beast (D:7)
  2 orc warriors
  2 sky beasts
  A necrophage (D:4)
  A phantom (D:5)
  3 kobold brigands
  A bullfrog (D:7)
  A scorpion (D:4)
  A water moccasin skeleton (D:5)
  3 wights
  A centaur zombie (D:3)
  A bullfrog zombie (D:5)
  2 orc priests (D:8)
  2 jellies
  2 centaur skeletons
  3 bullfrog skeletons
  3 hounds
  2 gnoll shamans
  Jessica (D:3)
  A scorpion zombie (D:5)
  6 orc wizards
  3 iguanas
  2 howler monkey zombies
  13 gnolls
  A howler monkey skeleton (D:4)
  5 river rats (Sewer)
  8 adders
  A shadow imp (D:5)
  2 white imps (D:5)
  An ufetubus (D:4)
  6 worms
  3 dart slugs
  15 orcs
  8 endoplasms
  2 giant cockroaches
  12 goblins
  6 hobgoblins
  6 quokkas
  9 ball pythons
  5 bats
  4 frilled lizards
  22 kobolds
  20 rats
200 creatures vanquished.

Table legend:
 A = Non-vault XP
 B = Vault XP
 C = Vault XP percentage of total XP
 D = Non-vault monster count
 E = Vault monster count
 F = Vault count percentage of total count
                 A         B        C        D         E       F
            +---------+---------+-------+---------+---------+-------
      Total |    3487 |    1710 |  32.9 |     140 |      60 |  30.0
            +---------+---------+-------+---------+---------+-------
        D:1 |      20 |       0 |   0.0 |      10 |       0 |   0.0
        D:2 |      46 |       0 |   0.0 |      19 |       0 |   0.0
        D:3 |     214 |      46 |  17.7 |      28 |       6 |  17.6
        D:4 |     350 |       2 |   0.6 |      18 |       1 |   5.3
        D:5 |     955 |     278 |  22.5 |      21 |       3 |  12.5
        D:6 |     303 |     595 |  66.3 |      15 |       1 |   6.2
        D:7 |     901 |       0 |   0.0 |      10 |       0 |   0.0
        D:8 |     684 |     457 |  40.1 |      18 |       1 |   5.3
        D:9 |      14 |       0 |   0.0 |       1 |       0 |   0.0
      Sewer |       0 |     332 | 100.0 |       0 |      48 | 100.0
            +---------+---------+-------+---------+---------+-------

Illustrated notes

Table legend:
 A = Kills in this place as a percentage of kills in entire the game.
 B = Kills by you in this place as a percentage of kills by you in the entire game.
 C = Kills by friends in this place as a percentage of kills by friends in the entire game.
 D = Other kills in this place as a percentage of other kills in the entire game.
 E = Experience gained in this place as a percentage of experience gained in the entire game.
 F = Experience gained in this place divided by the number of levels of this place that you have seen.
                   A       B       C       D       E      F
               +-------+-------+-------+-------+-------+----------------------
         Total | 100.0 | 100.0 |   N/A |   N/A | 100.0 | 472.5
       Dungeon |  76.0 |  76.0 |   N/A |   N/A |  93.6 | 540.6
         Sewer |  24.0 |  24.0 |   N/A |   N/A |   6.4 | 332.0
               +-------+-------+-------+-------+-------+----------------------

Table legend: (Time is in decaauts)
 A = Elapsed time spent in this place.
 B = Non-inter-level travel time spent in this place.
 C = Inter-level travel time spent in this place.
 D = Time resting spent in this place.
 E = Time spent auto-exploring this place.
 F = Levels seen in this place.
 G = Mean time per level.
                   A        B        C        D        E       F      G
               +--------+--------+--------+--------+--------+-----+--------+
         Total |  13058 |  12646 |    412 |   1378 |   8655 |  11 | 1187.1 |
       Dungeon |  11509 |  11097 |    412 |   1182 |   7822 |   9 | 1278.8 |
        Temple |    347 |    347 |      0 |      0 |    314 |   1 |  347.0 |
         Sewer |   1201 |   1201 |      0 |    196 |    519 |   1 | 1201.0 |
               +--------+--------+--------+--------+--------+-----+--------+

Top non-repeatable levels by time:
     D:5: 2585 daAuts
     D:3: 1845 daAuts
     D:8: 1745 daAuts
     D:4: 1419 daAuts
   Sewer: 1201 daAuts
     D:6: 1194 daAuts
     D:2: 1172 daAuts
     D:7: 1018 daAuts
     D:1: 487 daAuts
  Temple: 347 daAuts
     D:9: 41 daAuts
